[Event "American Cup Women Elimination 2023"]
[Site "Saint Louis"]
[Date "2023.03.22"]
[Round "3.1"]
[White "Tokhirjonova, Gulrukhbegim"]
[Black "Paikidze, Nazi"]
[Result "0-1"]
[ECO "A21"]
[WhiteElo "2332"]
[BlackElo "2314"]
[Annotator "TA"]
[PlyCount "82"]
[EventDate "2023.03.15"]
[EventType "k.o."]
[EventCountry "USA"]
[SourceTitle "playchess.com"]
[Source "ChessBase"]
[SourceQuality "1"]
[TimeControl "1500+10"]

1. Nf3 f5 2. g3 Nf6 3. Bg2 g6 4. c4 Bg7 5. Nc3 O-O 6. O-O d6 7. d3 e5 8. e3 Nc6 {[%emt 0:02:57] A21: English Opening: 1...e5 2 Nc3.} 9. Rb1 a5 10. a3 Ne7 {[%emt 0:00:03] The position is equal.} 11. b4 axb4 12. axb4 h6 13. b5 Be6 14. Nd2 c6 15. Qb3 {[%emt 0:01:09] [#]} Nd7 $146 ({Predecessor:} 15... d5 16. Ba3 Re8 17. bxc6 bxc6 18. Bc5 Qa5 19. Bb4 Qc7 20. Bxe7 dxc4 21. Nxc4 Rxe7 22. Rfc1 Ra6 23. Ra1 Rxa1 24. Rxa1 Kh7 25. Ra6 Qd8 26. Qa3 Bd5 27. Ra8 {½-½ Satici,A (2449)-Pheby,I Pat Thorn mem corr 2000}) 16. Ba3 Nc5 17. Bxc5 dxc5 18. Na4 Qd6 19. Rfd1 Ra5 (19... Rfd8 $11 {might be stronger.}) 20. bxc6 (20. Qa3 $1 $14) 20... b5 $11 21. Nb2 (21. Nc3 b4 22. Nd5 (22. Nb5 $2 Rxb5 {[%mdl 64] Pin} 23. Qa4 Rbb8 $19) 22... Nxc6 $15) (21. Qxb5 $1 $11 {remains equal.} Rfa8 22. Nb6 Rxb5 23. cxb5) 21... b4 {[%emt 0:01:01] Black converts the advantage convincingly.} 22. Ra1 {[%emt 0:00:10] [#] Repels Ra3} (22. d4 $15) 22... Rfa8 $1 $17 (22... Nxc6 $6 23. Rxa5 Nxa5 24. Qa4 $11) 23. Rxa5 Rxa5 24. d4 exd4 (24... cxd4 $6 25. exd4 exd4 26. c7 $11) (24... Ra3 {is interesting.} 25. Qc2 exd4 26. exd4 Qxd4 27. Na4 Ra1) 25. exd4 {[%emt 0:00:07] [#]} Ra3 $1 ({But not} 25... Nxc6 26. Bxc6 Bxd4 27. Bg2 $16) (25... Qxd4 26. Qd3 Ra2 27. Qe2 $15) ({Worse is} 25... cxd4 26. c7 $11) (25... Bxd4 26. Qc2 Nxc6 27. Nb3 $17) 26. dxc5 $2 {[%emt 0:02:59] [#]} (26. Qc2 Qxd4 27. Na4) 26... Qxd2 $3 $19 27. Rxd2 Rxb3 28. Nd1 Rb1 29. Bd5 Kf7 30. c7 (30. Kg2 {was called for.} b3 31. Bxe6+ Kxe6 32. Rd6+ Kf7 33. c7) 30... Be5 31. Kg2 Bxc7 32. Ne3 b3 33. Nd1 Ba5 34. Rd3 b2 35. c6 Bc7 36. f4 Rc1 37. Nxb2 Rc2+ 38. Kh3 Rxb2 39. Bxe6+ Kxe6 40. Rd7 Ba5 (40... g5 $142 41. fxg5 hxg5 42. Rd4 Nxc6 43. Rh4 gxh4 44. Kxh4 Kf6 45. Kh3 Kg5 46. c5 Kh5 47. g4+ fxg4#) 41. Ra7 Nxc6 {[%emt 0:00:06] Weighted Error Value: White=0.64/Black=0.16 (very precise)} 0-1

[Event "American Cup Women Elimination 2023"]
[Site "Saint Louis"]
[Date "2023.03.22"]
[Round "3.2"]
[White "Paikidze, Nazi"]
[Black "Tokhirjonova, Gulrukhbegim"]
[Result "1-0"]
[ECO "E06"]
[WhiteElo "2314"]
[BlackElo "2332"]
[Annotator "TA"]
[PlyCount "85"]
[EventDate "2023.03.15"]
[EventType "k.o."]
[EventCountry "USA"]
[SourceTitle "playchess.com"]
[Source "ChessBase"]
[SourceQuality "1"]
[TimeControl "1500+10"]

1. d4 Nf6 2. c4 e6 3. g3 d5 4. Nf3 Be7 5. Bg2 O-O 6. Nc3 dxc4 7. Ne5 c6 {[%emt 0:02:20] E06: Closed Catalan: Early deviations.} 8. Nxc4 {[%emt 0:02:18] [#]} b5 $146 ({Predecessor:} 8... c5 9. dxc5 Qxd1+ 10. Nxd1 Na6 11. c6 bxc6 12. O-O Nd5 13. Ne5 Bb7 14. Ne3 Rfd8 {1-0 Gurevich,D (2370)-Perez Leiva,J (2384) Titled Tuesday intern op 26th Oct blitz 2021 (10)}) 9. Ne5 Qb6 {[%emt 0:00:06] The position is equal.} 10. O-O Rd8 11. Qc2 Bb7 12. Rd1 Na6 13. e3 Rac8 14. Qe2 Nb4 (14... Nd7 $11) 15. Bd2 $16 a6 16. a3 {[%emt 0:00:54] Dodges c5} Nbd5 17. Ne4 a5 (17... Nxe4 $1 $14 18. Bxe4 g6) 18. Ng5 $18 Rf8 19. e4 Nc7 20. Be3 ({White should play} 20. Rac1 $1 $18) 20... c5 $16 21. Rac1 Na6 (21... c4 $16) 22. d5 ({White must play} 22. Ngxf7 $1 $18 {Threatens to win with Ng5.} Rxf7 23. dxc5 Bxc5 24. Nxf7 Kxf7 25. e5) 22... exd5 23. exd5 {[%emt 0:00:01][%cal Od5d6] aiming for d6!} Bd6 24. Nd3 {[%emt 0:00:40] White is much more active. The black rooks are badly placed.} ({White should try} 24. Ng4 $1 $16 Ne8 25. f4) 24... h6 (24... Bxd5 25. Nxh7 Kxh7 26. Bxd5 $14) 25. Ne4 Nxe4 26. Bxe4 {[%emt 0:00:01] Qg4 is the strong threat.} Rfe8 (26... Rce8 $14 27. Qg4 Bc8) 27. Qg4 $1 Bf8 {[%emt 0:00:47] [#]} (27... h5 $142 28. Qf3 (28. Qxh5 $2 Rxe4 29. Nf4 Nc7 $19) (28. Qf5 g6 $11) 28... Qd8) 28. b4 $1 axb4 29. axb4 h5 (29... g6 $16 {might work better.} 30. bxc5 Nxc5) 30. Qf3 $1 $40 {[%emt 0:00:36][%mdl 128] White is out for blood.} (30. Qxh5 $2 Rxe4 31. bxc5 Nxc5 $19) (30. Qf5 g6 31. Qf3 f5 32. Bxf5 Qf6 $14) 30... g6 31. g4 hxg4 32. Qxg4 Rc7 {[%emt 0:00:40] [#]} 33. bxc5 $2 (33. Qh4 $1 $18) 33... Nxc5 $16 34. Nxc5 (34. Rxc5 {seems wilder.} Bxc5 35. Nxc5 Rxc5 36. Bd4) 34... Bxc5 35. Bxc5 (35. Rxc5 $16 Rxc5 36. Bd4 {[%mdl 64] Skewer} (36. Bxg6 fxg6 37. Bxc5 Qxc5 $11)) 35... Rxc5 $11 36. Rxc5 Qxc5 37. Bxg6 Kf8 $2 {[%emt 0:00:28][%mdl 8192] [#]} (37... fxg6 $11 38. Qxg6+ Kf8 39. Qf5+ Kg8) 38. Bxf7 $2 Kxf7 39. Qf5+ Kg7 $2 (39... Kg8 $11 40. Kh1 (40. Qg6+ Kf8 $11) 40... Re7 41. Rg1+ Rg7 42. Qe6+ Kh7 43. Rxg7+ {[%mdl 64] Remove Defender} Kxg7 44. Qd7+ Kf6 45. Qxb7 Ke5) 40. Qg5+ $2 (40. Rd3 $18 {Qg5+ would kill now.} Re1+ 41. Kg2 Bxd5+ 42. Rxd5) 40... Kf7 {[%emt 0:00:03] ...Rg8 would be deadly.} 41. Qf5+ Ke7 $2 (41... Kg7 $11 {and Black has nothing to worry.}) 42. d6+ $18 {[%emt 0:00:13][%mdl 64] Discovered Attack} Kd8 (42... Qxd6 $18 43. Qh7+ {[%mdl 64] Skewer} Kf8 44. Qh8+ (44. Rxd6 $2 Re1#) 44... Kf7 45. Qxe8+ (45. Rxd6 $2 Re1#) 45... Kxe8 46. Rxd6 Bc8) 43. Qxc5 {[%emt 0:00:04] A cool game by Paikidze.   Weighted Error Value: White=0.54/Black=0.79} 1-0

[Event "American Cup Women Elimination 2023"]
[Site "Saint Louis"]
[Date "2023.03.23"]
[Round "4.1"]
[White "Lee, Alice"]
[Black "Paikidze, Nazi"]
[Result "1-0"]
[ECO "A43"]
[WhiteElo "2362"]
[BlackElo "2314"]
[Annotator "TA"]
[PlyCount "45"]
[EventDate "2023.03.15"]
[EventType "k.o."]
[EventCountry "USA"]
[SourceTitle "playchess.com"]
[Source "ChessBase"]
[SourceQuality "1"]
[TimeControl "1500+10"]

1. d4 g6 2. c4 Bg7 3. e4 c5 4. d5 d6 5. Be2 e6 6. Nc3 Bxc3+ 7. bxc3 e5 8. Bd3 {[%emt 0:01:13] White is better.} Nd7 9. Ne2 Qe7 10. h3 ({White should play} 10. O-O $16) 10... Kd8 ({Black should try} 10... f5 $1 $14) 11. Be3 Kc7 12. Qd2 {[%emt 0:02:41] White is more active.} (12. Ng3 $16) 12... f5 $1 $11 13. exf5 e4 14. Bg5 $36 {[%emt 0:00:09][%mdl 2048] White has some pressure.} Ndf6 (14... Ngf6 $11 15. Bc2 Ne5) 15. Bc2 $16 {[%emt 0:01:12] Black must now prevent fxg6.} Bxf5 16. Qe3 h6 17. Bf4 g5 $2 {[%emt 0:01:28] [#] This move loses the game for Black.} (17... b6 $16 18. O-O g5) 18. Qxc5+ $18 {[%emt 0:00:05] White is clearly winning.} Kd8 19. Bxd6 {[%emt 0:00:13] A strong pair of Bishops.} Qd7 20. Nd4 Rc8 21. Qb4 Ne8 22. Be5 {[%emt 0:00:20] [#] Threatens to win with Ne6+.} Rh7 23. g4 {[%emt 0:00:08] An entertaining game by Lee.   Weighted Error Value: White=0.18 (very precise) /Black=0.29 (precise)} 1-0

[Event "American Cup Women Elimination 2023"]
[Site "Saint Louis"]
[Date "2023.03.23"]
[Round "4.2"]
[White "Paikidze, Nazi"]
[Black "Lee, Alice"]
[Result "1-0"]
[ECO "D45"]
[WhiteElo "2314"]
[BlackElo "2362"]
[Annotator "TA"]
[PlyCount "67"]
[EventDate "2023.03.15"]
[EventType "k.o."]
[EventCountry "USA"]
[SourceTitle "playchess.com"]
[Source "ChessBase"]
[SourceQuality "1"]
[TimeControl "1500+10"]

1. d4 d5 2. c4 c6 3. Nc3 Nf6 4. e3 e6 5. Nf3 Nbd7 6. Qc2 Bd6 7. g4 h6 8. h3 b6 9. cxd5 exd5 10. Nh4 {[%emt 0:02:27] The position is equal.} Bb7 (10... Bb4 $11) 11. Nf5 $14 Bf8 12. Bg2 g6 {[%emt 0:00:18] Wards off e4} 13. Ng3 Bd6 (13... Bg7 $11) 14. f4 (14. O-O $14) 14... Qe7 15. O-O O-O 16. Bd2 b5 (16... c5 $11) 17. e4 dxe4 ({Black should try} 17... b4 $14 18. e5 bxc3 19. exd6 Qxd6 20. Qxc3 Ba6) 18. Rae1 Bc7 $2 {[%emt 0:02:40] This costs Black the game.} (18... Qd8 $16) 19. Ncxe4 $18 Nxe4 20. Nxe4 ({Not} 20. Qxe4 Qd6 $14) 20... Qd8 21. f5 {[%emt 0:01:08] [#] Black must now prevent fxg6.} Nf6 22. fxg6 fxg6 23. Nc5 Qxd4+ 24. Be3 Qe5 25. Qxg6+ (25. Nxb7 $2 Qh2+ 26. Kf2 Nxg4+ 27. Ke2 Qxg2+ 28. Kd3 Ne5+ 29. Kc3 b4+ 30. Kb3 Qd5+ 31. Kxb4 Ba5+ 32. Ka3 Rxf1 33. Rxf1 Nc4+ $19) 25... Kh8 26. Rf5 (26. Nxb7 $2 {too greedy.} Qh2+ 27. Kf2 Nxg4+ 28. Ke2 Qxg2+ $19) 26... Qh2+ 27. Kf1 {[%emt 0:00:01] [#] White wants to mate with Bd4.} Nxg4 28. hxg4 Rxf5+ 29. gxf5 (29. Qxf5 $142 Qe5 30. Qf7) 29... Qh4 30. Qxh6+ (30. Bxh6 $142 Qc4+ 31. Re2 Rg8 32. Qh5 (32. Nxb7 Rxg6 33. fxg6 Qd3 $11) 32... Qxe2+ 33. Qxe2 Rg3 34. f6 Bc8 35. Qh5) 30... Qxh6 {[%emt 0:00:02] White is clearly winning.} 31. Bxh6 Bc8 32. Re8+ Kh7 33. Be3 b4 34. Re7+ {[%emt 0:00:10] Artfully played by Paikidze.   Weighted Error Value: White=0.13 (very precise) /Black=1.14} 1-0

[Event "American Cup Women Elimination 2023"]
[Site "Saint Louis"]
[Date "2023.03.23"]
[Round "4.3"]
[White "Paikidze, Nazi"]
[Black "Lee, Alice"]
[Result "0-1"]
[ECO "D45"]
[WhiteElo "2314"]
[BlackElo "2362"]
[Annotator "TA"]
[PlyCount "82"]
[EventDate "2023.03.15"]
[EventType "k.o."]
[EventCountry "USA"]
[SourceTitle "playchess.com"]
[Source "ChessBase"]
[SourceQuality "1"]
[TimeControl "600+5"]

1. d4 d5 2. c4 c6 3. Nc3 Nf6 4. e3 e6 5. Nf3 Nbd7 6. Qc2 b6 7. Be2 Bb7 8. b3 Bd6 9. Bb2 Rc8 10. O-O O-O 11. e4 dxe4 12. Nxe4 Nxe4 13. Qxe4 Qe7 14. Rfe1 f5 {[%emt 0:00:20] White has an edge.} 15. Qc2 ({Better is} 15. Qe3 $14) 15... Rfd8 $2 (15... c5 $11) 16. Bd3 Qf7 17. h3 $2 (17. c5 $18 {is the precise move to win.}) 17... h6 $2 {[%emt 0:00:04] [#]} (17... Bf4 $16) 18. Rad1 $2 (18. c5 $1 $18 {and the rest is easy.}) 18... Re8 19. a3 Rcd8 (19... c5 $14) 20. b4 g6 21. Qc3 {[%emt 0:00:36][%cal Od4d5] And now d5! would win.} Kh7 22. c5 Bb8 23. Ne5 Bxe5 (23... Nxe5 $142 24. dxe5 Rd5) 24. dxe5 $16 bxc5 25. bxc5 Qe7 26. Qb4 Nxc5 27. Bc2 ({White should play} 27. Bc4 $16) 27... Rd5 $11 28. Bd4 {[%emt 0:00:12][%mdl 1024] White has compensation.} a5 29. Qb6 Na6 (29... Ba8 $14) 30. Rb1 (30. Bd3 $16) 30... Nb4 31. Ba4 Ra8 {[%emt 0:00:19] [#] Hoping for ...Ra6. Black is weak on the dark squares} 32. axb4 (32. Bc3 $16 c5 33. Rec1 (33. axb4 axb4 34. Bb3 Ra6 $11)) 32... Ra6 33. bxa5 Rxb6 34. Bxb6 c5 ({Black should try} 34... Qa3 $1 $11 35. Bb3 Rb5 36. Bxe6 Rxb1 37. Rxb1 Qd3) 35. Red1 $2 (35. Bb5 $14 {keeps the upper hand.}) 35... Qg5 $19 {[%emt 0:00:14] ( -> ...Rxd1+)} (35... Rxe5 $2 36. Bd8 Qg7 37. Rd7 $18) 36. g3 {[%emt 0:00:12][%cal Ob6d8] Bd8! would be deadly.} Qh5 $40 {[%emt 0:00:13][%mdl 128] Black is out for blood.} (36... Rxe5 $2 37. Bd8 Bd5 38. Bxg5 $18) 37. Rxd5 $2 ({Don't play} 37. Bxc5 Ba8 38. Bb3 (38. Rxd5 $2 Bxd5 39. Kh2 Qe2 $19) 38... Rxd1+ 39. Rxd1 Bc6 $19) (37. a6 Bxa6 38. Bxc5 Rxd1+ 39. Bxd1 Qxh3 40. Bf3) 37... Bxd5 38. Kf1 Qxh3+ {[%emt 0:00:08] Black mates.} 39. Ke2 Qg4+ 40. Kd2 Qd4+ 41. Ke2 Qe4+ {[%emt 0:00:03] Weighted Error Value: White=0.85/Black=0.37} 0-1

[Event "American Cup Women Elimination 2023"]
[Site "Saint Louis"]
[Date "2023.03.23"]
[Round "4.4"]
[White "Lee, Alice"]
[Black "Paikidze, Nazi"]
[Result "1-0"]
[ECO "A43"]
[WhiteElo "2362"]
[BlackElo "2314"]
[Annotator "TA"]
[PlyCount "121"]
[EventDate "2023.03.15"]
[EventType "k.o."]
[EventCountry "USA"]
[SourceTitle "playchess.com"]
[Source "ChessBase"]
[SourceQuality "1"]
[TimeControl "600+5"]

1. d4 c5 2. d5 g6 3. Nc3 Bg7 4. e4 d6 5. Nf3 Nf6 6. Bb5+ Bd7 7. a4 O-O 8. O-O Bxb5 9. axb5 Nbd7 10. Nd2 Nb6 11. Qe2 Qc7 12. Nc4 {[%emt 0:00:15] White is slightly better.} Nxc4 13. Qxc4 Nd7 14. Bf4 Nb6 15. Qb3 c4 16. Qb4 f5 17. Be3 f4 18. Bxb6 axb6 19. f3 g5 (19... Ra5 $15 {is more appropriate.}) 20. Ne2 $11 Ra5 21. Ra3 Rxa3 (21... Rc8 $5 22. Rfa1 Rxa3 23. Qxa3 (23. Rxa3 Qc5+ 24. Qxc5 Rxc5 $15) 23... Qc5+ 24. Kf1 (24. Qxc5 Rxc5 25. Ra4 Rxb5 $11) 24... Kf7 $11) 22. Qxa3 {[%emt 0:01:01] [#]} c3 23. bxc3 Qc4 24. Re1 {[%emt 0:00:39] White is weak on the dark squares} Rc8 {[%emt 0:00:24][%mdl 1024] Black has compensation.} 25. Qb3 Qc5+ 26. Kf1 Ra8 27. Qb4 Ra2 28. Qxc5 bxc5 {[%emt 0:00:01][%mdl 4096] Endgame KRB-KRN} 29. Rc1 Rb2 30. c4 Rb4 31. c3 $1 Rxc4 {[%emt 0:00:28][%mdl 8192] White stays focused until the end.} (31... Ra4 $11 {and Black is okay.}) 32. Ra1 $1 $18 {[%emt 0:00:02] Threatens to win with Ra3.} Kf7 33. Ra3 e6 (33... Bxc3 $142 34. Nxc3 Kf6) 34. dxe6+ ({Weaker is} 34. Ra7 Bxc3 35. Rxb7+ Kf6 $11) 34... Kxe6 35. Ke1 d5 {[%emt 0:00:33] [#]} 36. exd5+ Kxd5 37. Kd2 Be5 38. Kd3 h5 39. Ra8 {[%emt 0:00:13] And now Rd8+ would win.} Bd6 40. h3 h4 41. b6 {[%emt 0:00:23] Repels Bc7} Be7 42. Ra1 Bf6 43. Ra3 Bd8 44. Ra7 Bxb6 45. Rxb7 Ba5 {[%emt 0:00:11] [#]} 46. Rd7+ $1 Kc6 47. Kxc4 Kxd7 48. Kxc5 {[%emt 0:00:01] White wants to mate with Kd5. KB-KN} Ke6 49. Kd4 (49. Nd4+ $142 Kd7 50. c4 Bd8 51. Kd5 Bf6 52. Ne6 Ke7 53. Nc5 Kd8 54. Ne4) 49... Bb6+ 50. Ke4 Bf2 51. Nd4+ Kf6 52. c4 {[%emt 0:00:01][%cal Bc3c4,Bc4c5][%mdl 32] White mates.} Be1 53. c5 Ba5 54. c6 Ke7 55. Kd5 Bb6 56. Ne6 Kf6 57. c7 Bxc7 58. Nxc7 Kf5 59. Ne6 Kf6 {[%emt 0:00:02] [#]} 60. Nxg5 $1 Kxg5 61. Ke5 {[%emt 0:00:01] Weighted Error Value: White=0.08 (flawless) /Black=0.72} 1-0